AoeStats
← LmScar12

Arabia

510424302Analyzed
1v1 RM · 23h ago on Oct 1, 2026· 34m 48s· 2 players
Game mode
Random Map
Map size
Tiny (2 player)
Population
200
Speed
Normal
Resources
Standard
Victory
Conquest
Starting age
Dark Age
Ending age
Imperial Age
RankedLock teamsTeams togetherTeam positionsShared explorationLock speedFull tech treeHidden civsTurbo modeCheats
Victory
Defeat
🇨🇴 Italians · Colombia
1715
+13
🇺🇸 Armenians · United States
1643
-13
LmScar12
7:28 Loom
9:36 Feudal Age
9:43 Man-at-Arms
10:09 Double-Bit Axe
12:19 Horse Collar
17:14 Padded Archer Armor
18:07 Fletching
22:12 Castle Age
22:53 Bodkin Arrow
23:53 Guard Tower
24:42 Bow Saw
25:09 Elite Skirmisher
26:20 Ballistics
26:50 Heavy Plow
28:31 Wheelbarrow
28:11 Town Watch
37:17 Imperial Age
35:26 Masonry
ELEG | IronLeg
5:56 Loom
8:16 Feudal Age
9:25 Double-Bit Axe
12:09 Fletching
21:33 Castle Age
20:10 Gold Mining
20:06 Horse Collar
21:36 Crossbowman
22:17 Bodkin Arrow
22:56 Bow Saw
25:42 Wheelbarrow
27:53 Ballistics
28:20 Town Watch
28:49 Thumb Ring
32:56 Imperial Age
30:58 Padded Archer Armor
31:27 Hand Cart
33:26 Masonry
34:41 Chemistry
33:47 Arbalester
Connection lost

Rejoining the realm…

Still unreachable

The connection could not be restored.

Session expired

The server has moved on; the page needs a fresh start.